AoeStats
← Jackallie

Arabia

509066316Analyzed
2v2 RM · 8d ago on Sep 25, 2026· 25m 48s· 4 players
Game mode
Random Map
Map size
Medium (4 player)
Population
200
Speed
Normal
Resources
Standard
Victory
Conquest
Starting age
Dark Age
Ending age
Imperial Age
RankedLock teamsTeams togetherTeam positionsShared explorationLock speedFull tech treeHidden civsTurbo modeCheats
Victory
Defeat
🇨🇿 Mongols · Czechia
1188
+14
🇳🇿 Khitans · New Zealand
1152
+15
🇦🇺 Lithuanians · Australia
1139
-15
🇦🇺 Vietnamese · Australia
1136
-14
FinRahZel
9:50 Feudal Age
9:48 Loom
11:46 Forging
12:13 Double-Bit Axe
21:00 Castle Age
19:07 Gold Mining
20:14 Scale Barding Armor
19:56 Domestication
22:07 Chain Barding Armor
26:21 Iron Casting
NeoPlex_cz
6:16 Loom
8:27 Feudal Age
9:09 Double-Bit Axe
17:03 Forging
19:46 Castle Age
19:08 Fletching
19:29 Bloodlines
19:13 Gold Mining
19:24 Horse Collar
20:48 Wheelbarrow
20:30 Bodkin Arrow
21:10 Bow Saw
Jackallie
8:02 Loom
10:58 Feudal Age
15:26 Wheelbarrow
24:02 Padded Archer Armor
23:53 Fletching
24:09 Scale Mail Armor
24:21 Forging
InformedStorm71
6:38 Loom
9:44 Feudal Age
10:22 Double-Bit Axe
10:18 Horse Collar
15:52 Fletching
21:29 Wheelbarrow
25:11 Castle Age
Connection lost

Rejoining the realm…

Still unreachable

The connection could not be restored.

Session expired

The server has moved on; the page needs a fresh start.